 Dungeon Crawl Stone Soup version 0.28-a0-1038-g9c4cb8273d (webtiles) character file.

Game seed: 4616215558884060636

4085 siradein the Skirmisher (level 10, 0/88 HPs)
             Began as a Pale Draconian Fighter on Dec 9, 2021.
             Was a Believer of Yredelemnul.
             Slain by an orc knight (5 damage)
             ... in a bailey.
             The game lasted 00:16:02 (7609 turns).

siradein the Skirmisher (Pale Draconian Fighter)    Turns: 7609, Time: 00:16:03

Health: 0/88       AC:  8    Str: 27    XL:     10   Next: 5%
Magic:  13/13      EV: 14    Int:  8    God:    Yredelemnul [**....]
Gold:   367        SH:  6    Dex: 13    Spells: 9/9 levels left

rFire   . . .      SeeInvis .   a - +0 flail
rCold   . . .      Faith    .   b - +0 buckler
rNeg    . . .      Spirit   .   (armour unavailable)
rPois   .          Reflect  .   (helmet restricted)
rElec   .          Harm     .   (no cloak)
rCorr   .          Rampage  .   u - +0 pair of gloves
Will    .....                   (no boots)
Stlth   +.........              n - amulet of regeneration
HPRegen 1.04/turn               k - +6 ring of strength
MPRegen 0.13/turn               (no ring)

@: no status effects
A: breathe steam, AC +7, unfitting armour, cold-blooded, steam resistance
a: Breathe Steam, Renounce Religion, Animate Remains, Recall Undead Slaves,
Injury Mirror


You were in a bailey.
You worshipped Yredelemnul.
Yredelemnul was pleased with you.
You visited 2 branches of the dungeon, and saw 9 of its levels.
You also visited: Bailey.

You collected 367 gold pieces.

Inventory:

Hand Weapons
 a - a +0 flail (weapon)
Missiles
 f - 20 poisoned darts
 j - 3 curare-tipped darts
Armour
 b - a +0 buckler (worn)
 u - a +0 pair of gloves (worn)
Jewellery
 k - a +6 ring of strength (left hand)
 n - an amulet of regeneration (around neck)
 y - a ring of wizardry
Wands
 s - a wand of acid (14)
 A - a wand of flame (17)
Scrolls
 d - a scroll of immolation {unknown}
 e - 3 scrolls of teleportation {unknown}
 g - 6 scrolls of identify {unknown}
 m - 2 scrolls of blinking {unknown}
 p - 2 scrolls of noise {unknown}
 q - a scroll of enchant weapon {unknown}
 t - 2 scrolls of fog {unknown}
 w - a scroll of magic mapping {unknown}
 x - 2 scrolls of fear {unknown}
 B - a scroll of enchant armour {unknown}
Potions
 c - 2 potions of might
 h - 3 potions of heal wounds {unknown}
 i - 3 potions of degeneration {unknown}
 l - 2 potions of curing {unknown}
 o - 2 potions of invisibility {unknown}
 r - 2 potions of berserk rage {unknown}
 v - 2 potions of mutation {unknown}
 z - a potion of haste {unknown}


   Skills:
 + Level 7.6 Fighting
 + Level 6.7 Maces & Flails
 + Level 6.3 Dodging
 + Level 7.1 Shields
 + Level 5.1 Invocations
 + Level 5.3 Evocations


You had 9 spell levels left.
You didn't know any spells.
Your spell library contained the following spells:

 Spells                   Type           Power      Damage    Failure   Level
 Apportation              Tloc           0%         N/A       41%         1
 Alistair's Intoxication  Tmut/Pois      0%         N/A       100%        5
 Chain Lightning          Conj/Air       0%         N/A       100%        9
 Fire Storm               Conj/Fire      0%         5d1       100%        9
 Shatter                  Erth           0%         3d5*      100%        9


Dungeon Overview and Level Annotations

Branches:
Dungeon (8/15)             Temple (1/1) D:4          Bailey (1/1)
   Lair: D:8-11

Altars:
Ashenzari
Cheibriados
Dithmenos
Elyvilon
Fedhas
Gozag
Hepliaklqana
Kikubaaqudgha
Makhleb
Nemelex Xobeh
Okawaru
Qazlal
Ru
Sif Muna
Trog
Uskayaw
Vehumet
Wu Jian
Xom
Yredelemnul
Zin
The Shining One
Beogh

Shops:
D:1 (

Annotations:
D:6 3 runed translucent doors, DarkBird's ghost, novice GnWn


Innate Abilities, Weirdness & Mutations

You can breathe blasts of scalding, opaque steam.
Your pale cyan-grey scales are hard. (AC +7)
You cannot fit into any form of body armour.
You are cold-blooded and may be slowed by cold attacks.
You are immune to the effects of steam.


Message History

The orc knight hits you with a +0 war axe!!
Yredelemnul mirrors your injury!
The orc knight is almost dead.
Unknown command.
You barely miss the orc knight. You tail-slap the orc knight.
The orc knight is almost dead.
The orc knight hits you with a +0 war axe!!
* * * LOW HITPOINT WARNING * * *
Yredelemnul mirrors your injury!
You kill the orc knight!
Yredelemnul accepts your kill. You block the orc knight's attack.
Your Shields skill increases to level 7!
You have reached level 10!
You have got your breath back.
The orc knight completely misses you. You block the orc knight's attack.
Aiming: Breathe Steam (1% risk of failure)
Press: ? - help, Q - select action, (/) - cycle Shift-Dir - straight line, f - orc knight
Aim: an orc knight, wielding a +0 war axe and wearing a +0 chain mail (lightly wounded)
You exhale a blast of scalding steam.
The ball of steam hits the orc knight but does no damage.
The orc knight is lightly wounded.
The orc knight is engulfed in a cloud of scalding steam.
An orc knight comes into view. It is wielding a +0 war axe.
Your dark mirror aura disappears.
The orc knight is engulfed in a cloud of scalding steam.
Okay, then.
Okay, then.
The orc knight roars a battlecry!
The orc knight goes into a battle-frenzy!
You have got your breath back.
The orc knight roars a battlecry!
The orc knight goes into a battle-frenzy!
The orc knight hits you with a +0 war axe!!
* * * LOW HITPOINT WARNING * * *
You block the orc knight's attack.
The orc knight hits you with a +0 war axe.
You die...
Your body rises from the dead as a mindless zombie.

+.........'.......#
##.........##.....##
#.....⌠..)..#######
#.........##
#.........#
##.......##
#..).)..# ##..)..##
♣##)'@##♣♣
♣....oo..♣
♣♣..).....♣
♣♣....∩....♣♣
♣...........♣
♣.....∩.....♣
♣...........♣
♣♣♣........♣♣
♣♣♣...♣♣♣♣


You could see 2 orc knights.

Vanquished Creatures
  An orc knight (Bailey)
  Maggie (D:7)
  Sigmund (D:2)
  Eustachio (D:5)
  A steam dragon (D:5)
  Menkaure (D:7)
  3 sky beasts
  2 ice beasts
  2 orc warriors (Bailey)
  A necrophage (D:5)
  A black bear (D:6)
  2 ogres (D:5)
  4 bullfrogs
  A gnoll sergeant (D:6)
  3 scorpions
  3 water moccasin zombies
  A wyvern skeleton (D:6)
  3 wights (D:7)
  3 centaur zombies (D:7)
  4 hounds
  2 orc priests (D:5)
  A bullfrog skeleton (D:6)
  4 iguanas
  Terence (D:3)
  3 orc wizards
  A hound skeleton (D:5)
  2 howler monkey skeletons
  5 adders
  13 gnolls
  A shadow imp (D:5)
  A white imp (D:8)
  An ufetubus (D:4)
  3 worms (D:2)
  A dart slug (D:1)
  31 orcs
  6 endoplasms
  3 giant cockroaches
  6 hobgoblins
  5 jackals
  5 kobolds
  3 quokkas
  An adder zombie (D:6)
  7 ball pythons
  7 bats
  2 bullfrog zombies
  A frilled lizard (D:1)
  13 goblins
  An orc zombie (Bailey)
  6 rats
175 creatures vanquished.

Vanquished Creatures (collateral kills)
  An orc warrior (Bailey)
  A centaur skeleton (D:6)
  An iguana (D:6)
  A gnoll (Bailey)
  An adder (D:6)
  An orc (D:7)
  2 goblins (Bailey)
8 creatures vanquished.

Vanquished Creatures (others)
  A human zombie (D:7)
  An adder zombie (D:6)
  3 gnoll zombies (Bailey)
  3 goblin zombies (Bailey)
  2 hobgoblin zombies (Bailey)
  A hound zombie (D:6)
  3 orc zombies
14 creatures vanquished.

Grand Total: 197 creatures vanquished

Notes
Turn   | Place    | Note
-------+----------+-------------------------------------------
     0 | D:1      | siradein the Draconian Fighter began the quest for the Orb.
     0 | D:1      | Reached XP level 1. HP: 19/19 MP: 1/1
   336 | D:1      | Reached XP level 2. HP: 13/26 MP: 2/2
   942 | D:1      | Found Duuffocwa's Weapon Shop.
  1175 | D:2      | Found a blossoming altar of Fedhas.
  1246 | D:2      | Reached XP level 3. HP: 33/33 MP: 3/3
  1384 | D:2      | Found a faded altar of an unknown god.
  1521 | D:2      | Noticed Sigmund
  1535 | D:2      | Killed Sigmund
  1536 | D:2      | Reached XP level 4. HP: 15/41 MP: 4/4
  1536 | D:2      | Reached XP level 5. HP: 18/47 MP: 5/5
  2686 | D:3      | Reached XP level 6. HP: 31/53 MP: 6/6
  2825 | D:3      | Noticed Terence
  2841 | D:3      | Killed Terence
  3804 | D:4      | Found a blossoming altar of Fedhas.
  3804 | D:4      | Noticed an ice beast
  3812 | D:4      | Killed an ice beast
  3813 | D:4      | Reached skill level 5 in Fighting
  3922 | D:4      | Your scales start taking on a pale cyan-grey colour.
  3922 | D:4      | Reached XP level 7. HP: 61/61 MP: 7/7
  3922 | D:4      | Gained mutation: You are immune to the effects of steam.
                  | [Pale Draconian growth]
  4347 | D:4      | Found a staircase to the Ecumenical Temple.
  4532 | Temple   | Entered the Ecumenical Temple
  4807 | Temple   | Became a worshipper of Yredelemnul the Dark
  4889 | D:5      | Entered Level 5 of the Dungeon
  5192 | D:5      | Reached skill level 5 in Shields
  5273 | D:5      | Reached skill level 1 in Invocations
  5273 | D:5      | Reached skill level 1 in Evocations
  5434 | D:5      | Noticed Eustachio
  5445 | D:5      | Killed Eustachio
  5446 | D:5      | Reached XP level 8. HP: 66/70 MP: 9/9
  5593 | D:5      | Reached skill level 5 in Maces & Flails
  5663 | D:5      | Reached skill level 5 in Dodging
  5989 | D:6      | Reached * piety under Yredelemnul
  6064 | D:6      | Found a runed translucent gate.
  6065 | D:6      | Found a runed translucent gate.
  6066 | D:6      | Found a runed translucent gate.
  6066 | D:6      | Noticed DarkBird's ghost (novice GnWn)
  6069 | D:6      | Identified the +10 plate armour of the Trout {Int+4 Dex+3}
  6139 | D:6      | Reached XP level 9. HP: 78/78 MP: 11/11
  6712 | D:7      | Reached ** piety under Yredelemnul
  6835 | D:7      | Noticed Menkaure
  6838 | D:7      | Killed Menkaure
  6956 | D:7      | Noticed Maggie
  6969 | D:7      | Killed Maggie
  7082 | D:7      | Your ally Maggie died
  7324 | D:8      | Found a flagged portal.
  7330 | Bailey   | Entered a bailey
  7361 | Bailey   | Reached skill level 5 in Evocations
  7547 | Bailey   | Reached skill level 5 in Invocations
  7556 | Bailey   | Noticed an orc knight
  7561 | Bailey   | Noticed an orc knight
  7585 | Bailey   | Reached *** piety under Yredelemnul
  7592 | Bailey   | Killed an orc knight
  7593 | Bailey   | Reached XP level 10. HP: 16/88 MP: 13/13
  7602 | Bailey   | Noticed an orc knight
  7608 | Bailey   | HP: 4/88 [orc knight (29)]
  7609 | Bailey   | Slain by an orc knight

Illustrated notes

Levels and vault maps discovered:
D:1:      scummos_arrival_simple_fountains, layout_loops_ring, serial_shops,
          nicolae_shop_bloodbath_and_beyond
D:2:      minmay_chambers_of_ones, layout_basic,
          shapermc_ecumenical_altar_starsandcircs, basic_altar, uniq_sigmund
D:3:      layout_basic, uniq_terence
D:4:      layout_loops_cross, mainiacjoe_overflow_six_doors_small,
          minmay_temple_entry_fiery
D:5:      layout_basic, minmay_quadrilaterals, uniq_eustachio
D:6:      layout_rooms, biasface_ghost_orc_armoury
D:7:      layout_cave_pools, minmay_liquid_box, uniq_maggie, uniq_menkaure
D:8:      minmay_flawed_box, layout_loops_cross, enter_bailey_2, uniq_pikel,
          uniq_joseph
Temple:   roderic_octagonal_lattice_temple
Bailey:   bailey_axe_minmay_hex_keep, bailey

Skill      XL: |  1  2  3  4  5  6  7  8  9 |
---------------+----------------------------+-----
Dodging        | 3 4 5 6 |  6.3
Fighting       | 4 5 6 7 |  7.6
Maces & Flails | 3 4 5 6 |  6.7
Shields        | 4 5 6 7 |  7.1
Invocations    | 1 3 5 |  5.1
Evocations     | 1 3 5 |  5.3

Action                   |  1- 3 |  4- 6 |  7- 9 | 10-12 || total
-------------------------+-------+-------+-------+-------++-------
Melee: Flail             |    78 |   125 |   232 |       ||   435
       Tailslap          |    11 |    21 |    48 |       ||    80
Throw: Dart              |     6 |       |       |       ||     6
Invok: Animate Remains   |       |       |    29 |       ||    29
       Injury Mirror     |       |       |     1 |       ||     1
 Abil: Breathe Steam     |       |       |    33 |     1 ||    34
Armor: Skin              |    32 |    26 |    67 |       ||   125
Dodge: Dodged            |    65 |    73 |   130 |     1 ||   269
Block: Buckler           |    16 |    24 |    58 |     2 ||   100

Table legend: (Time is in decaauts)
 A = Elapsed time spent in this place.
 B = Non-inter-level travel time spent in this place.
 C = Inter-level travel time spent in this place.
 D = Time resting spent in this place.
 E = Time spent auto-exploring this place.
 F = Levels seen in this place.
 G = Mean time per level.
                   A        B        C        D        E       F      G
               +--------+--------+--------+--------+--------+-----+--------+
         Total |   7693 |   7448 |    245 |    223 |   5802 |  10 |  769.3 |
       Dungeon |   7118 |   6874 |    244 |    223 |   5492 |   8 |  889.8 |
        Temple |    291 |    291 |      0 |      0 |    243 |   1 |  291.0 |
        Bailey |    282 |    282 |      0 |      0 |     67 |   1 |  282.0 |
               +--------+--------+--------+--------+--------+-----+--------+

Top non-repeatable levels by time:
     D:2: 1454 daAuts
     D:1: 1176 daAuts
     D:3: 1156 daAuts
     D:5: 1118 daAuts
     D:4: 866 daAuts
     D:6: 674 daAuts
     D:7: 616 daAuts
  Temple: 291 daAuts
  Bailey: 282 daAuts
     D:8: 54 daAuts
